AoeStats
← Seeker

Arena

510394932Analyzed
3v3 RM · 1d ago on Sep 30, 2026· 61m 2s· 6 players
Game mode
Random Map
Map size
Normal (6 player)
Population
200
Speed
Normal
Resources
Standard
Victory
Conquest
Starting age
Dark Age
Ending age
Imperial Age
RankedLock teamsTeams togetherTeam positionsShared explorationLock speedFull tech treeHidden civsTurbo modeCheats
Victory
Defeat
🇪🇸 Mongols · Spain
743
+15
🇪🇸 Byzantines · Spain
737
+16
🇮🇹 Franks · Italy
732
+16
🇲🇽 Persians · Mexico
759
-17
🇧🇷 Huns · Brazil
728
-16
🇷🇸 Byzantines · Serbia
694
-14
Oliverness
4:44 Loom
10:57 Feudal Age
12:23 Double-Bit Axe
12:27 Horse Collar
20:56 Castle Age
19:21 Stone Mining
19:25 Gold Mining
21:18 Forging
21:14 Scale Barding Armor
21:05 Fletching
21:58 Wheelbarrow
22:02 Bow Saw
24:02 Heavy Plow
27:58 Iron Casting
27:44 Chain Barding Armor
28:32 Arson
28:49 Squires
28:56 Scale Mail Armor
30:32 Pikeman
32:24 Husbandry
40:05 Hand Cart
40:09 Chain Mail Armor
39:50 Bodkin Arrow
39:43 Gambesons
41:19 Caravan
46:47 Imperial Age
52:19 Plate Barding Armor
56:41 Spies/Treason
57:22 Capped Ram
HundredEyes
1:12 Loom
9:08 Feudal Age
9:35 Double-Bit Axe
9:32 Horse Collar
18:51 Castle Age
20:25 Wheelbarrow
19:36 Town Watch
20:06 Bow Saw
19:57 Heavy Plow
19:52 Gold Mining
19:52 Stone Mining
20:09 Stone Mining
27:23 Masonry
27:34 Ballistics
29:09 Murder Holes
30:03 Forging
29:54 Scale Mail Armor
29:49 Fletching
30:00 Padded Archer Armor
30:40 Squires
30:25 Arson
30:01 Pikeman
33:03 Iron Casting
32:23 Bodkin Arrow
32:57 Bloodlines
32:47 Husbandry
32:08 Light Cavalry
33:30 Fortified Wall
41:37 Imperial Age
39:23 Hand Cart
39:12 Town Patrol
39:34 Hand Cart
42:52 Bracer
43:08 Leather Archer Armor
43:53 Blast Furnace
42:59 Scale Barding Armor
43:27 Hussar
55:54 Conscription
57:37 Chemistry
57:24 Chain Barding Armor
60:27 Spies/Treason
60:29 Elite Mangudai
rikyleroi
8:38 Loom
11:43 Feudal Age
18:43 Castle Age
16:58 Double-Bit Axe
17:23 Gold Mining
20:16 Husbandry
23:42 Wheelbarrow
23:28 Pikeman
30:09 Scale Barding Armor
30:16 Forging
34:47 Imperial Age
35:42 Cavalier
39:07 Chain Barding Armor
39:24 Iron Casting
44:28 Paladin
50:18 Plate Barding Armor
DISK PIZZA
11:58 Feudal Age
12:32 Double-Bit Axe
12:30 Horse Collar
12:43 Gold Mining
18:13 Castle Age
20:38 Bow Saw
25:34 Gold Shaft Mining
25:14 Marauders
25:45 Husbandry
25:55 Bloodlines
31:23 Imperial Age
30:44 Scale Barding Armor
30:50 Forging
32:50 Heavy Plow
33:20 Elite Tarkan
34:22 Conscription
Seeker
10:23 Feudal Age
10:54 Double-Bit Axe
17:52 Castle Age
16:40 Gold Mining
17:19 Horse Collar
19:21 Wheelbarrow
19:01 Bow Saw
22:03 Heavy Plow
25:30 Gold Shaft Mining
25:23 Forging
32:21 Imperial Age
30:08 Stone Mining
robertok1904
7:05 Loom
10:27 Feudal Age
11:02 Double-Bit Axe
17:22 Wheelbarrow
19:27 Castle Age
18:13 Horse Collar
22:14 Forging
22:12 Scale Barding Armor
24:43 Bow Saw
28:30 Hand Cart
Connection lost

Rejoining the realm…

Still unreachable

The connection could not be restored.

Session expired

The server has moved on; the page needs a fresh start.